 Dungeon Crawl Stone Soup version 0.32-a0-913-g739538afd8 (webtiles) character file.

Game seed: 10822497478778567624

39881 spaghetti the Shatterer (level 14, -21/118 (123) HPs)
             Began as an Oni Chaos Knight on Apr 9, 2024.
             Was a Plaything of Xom.
             Killed from afar by a frost giant (56 damage)
             ... with a bolt of cold
             ... on level 13 of the Dungeon.
             The game lasted 00:22:19 (12909 turns).

spaghetti the Shatterer (Oni Chaos Knight)         Turns: 12909, Time: 00:22:19

HP:   -21/118 (123) AC: 13    Str: 19    XL:     14   Next: 8%
MP:   13/14         EV: 12    Int: 13    God:    Xom [...*..]
Gold: 1102          SH:  0    Dex: 18    Spells: 13/13 levels left

rFire   . . .        j - +0 giant spiked club (freeze)
rCold   . . .        (shield currently unavailable)
rNeg    . . .        b - +2 robe
rPois   .            (helmet restricted)
rElec   .            t - +2 cloak {rCorr}
rCorr   +            (gloves unavailable)
SInv    .            (boots unavailable)
Will    +....        y - amulet of magic regeneration
Stlth   ++           f - ring of wizardry
HPRegen 1.19/turn    D - +6 ring of dexterity
MPRegen 0.54/turn

%: wizardry (x1)
@: lethally poisoned (-21 -> -22), lightly drained
A: large, unfitting armour, horns 1, tough skin 1, double potion healing,
drunken brawling, hooves 2, iridescent scales 2, regeneration 1, shaggy fur 1,
evolution 1, MP-powered wands
a: Renounce Religion


You were on level 13 of the Dungeon.
You worshipped Xom.
You were a favourite toy of Xom.
You visited 2 branches of the dungeon, and saw 15 of its levels.

You collected 1102 gold pieces.

Inventory:

Hand Weapons
 a - a +1 mace of chaos
 h - a +3 spear of venom
 j - a +0 giant spiked club of freezing (weapon)
 o - a +2 whip of electrocution
Missiles
 B - 2 silver javelins
 G - 7 large rocks
Armour
 b - a +2 robe (worn)
 t - a +2 cloak of preservation (worn)
Jewellery
 e - a ring of wizardry
 f - a ring of wizardry (left hand)
 y - an amulet of magic regeneration (around neck)
 D - a +6 ring of dexterity (right hand)
 I - a ring of protection from cold
Talismans
 d - a beast talisman
Wands
 n - a wand of flame (2)
 w - a wand of mindburst (3)
 E - a wand of roots (1)
 F - a wand of digging (5)
Scrolls
 g - 4 scrolls of fog
 i - 3 scrolls of poison
 m - 5 scrolls of teleportation
 u - 2 scrolls of blinking
 v - 2 scrolls of enchant weapon
 z - 2 scrolls of fear
 A - a scroll of amnesia
 C - a scroll of silence
Potions
 l - 2 potions of might
 p - 3 potions of brilliance
 q - 7 potions of ambrosia
 x - a potion of attraction
 H - a potion of enlightenment


   Skills:
 - Level 4.0 Fighting
 - Level 22.0 Maces & Flails
 + Level 6.5 Dodging


You had 13 spell levels left.
You didn't know any spells.
Your spell library contained the following spells:

 Spells                   Type           Power      Damage    Failure   Level
 Magic Dart               Conj           0%         1d3       12%         1
 Blink                    Tloc           0%         N/A       19%         2
 Call Imp                 Summ           0%         N/A       19%         2
 Sublimation of Blood     Necr           0%         N/A       19%         2
 Frozen Ramparts          Ice            0%         1d1       34%         3
 Inner Flame              Hex/Fire       0%         N/A       34%         3
 Ozocubu's Armour         Ice            0%         N/A       34%         3
 Flame Wave               Conj/Fire      0%         2d4       73%         4
 Passage of Golubria      Tloc           0%         N/A       73%         4
 Sticky Flame             Fire/Alch      0%         2d4       73%         4
 Metabolic Englaciation   Hex/Ice        0%         N/A       96%         5
 Silence                  Hex/Air        0%         N/A       96%         5
 Summon Hydra             Summ           0%         N/A       100%        7
 Lehudib's Crystal Spear  Conj/Erth      0%         10d2      100%        8
 Chain Lightning          Conj/Air       0%         N/A       100%        9
 Fire Storm               Conj/Fire      0%         5d1       100%        9
 Shatter                  Erth           0%         3d5*      100%        9


Dungeon Overview and Level Annotations

Branches:
Dungeon (13/15)            Temple (0/1) D:7            Lair (2/5) D:9
  Snake (0/4) Lair:2          Orc (0/2) D:12
  Swamp: Lair:2-3    Shoals: Lair:2-3    Vaults: D:13-14

Altars:
Ashenzari
Cheibriados
Elyvilon
Hepliaklqana
Makhleb
Okawaru
Qazlal
Sif Muna
Trog
Xom
Yredelemnul

Shops:
D:5 *   D:13 *

Portals:
Trove: D:11 (show abyssal rune of Zot)

Annotations:
D:6 exclusion: electric eel
D:10 1 exclusion


Innate Abilities, Weirdness & Mutations

You are too large for most types of armour.
You have a pair of small horns on your head.
You have tough skin. (AC +1)
You gain doubled healing and magic from potions.
Whenever you drink a healing potion, you attack all around you.
You have hoof-like feet.
You are mostly covered in iridescent scales. (AC +4)
Your natural rate of healing is unusually fast.
You are covered in fur. (AC +1)
You have hidden genetic potential.
You expend magic power (3 MP) to strengthen your wands.


Message History

Aim: a frost giant, wielding a +0 battleaxe of freezing (almost dead, ally target) Attack!
You feel sick.
The frost giant hits your butterfly with a +0 battleaxe of freezing!!!
The frost giant freezes your butterfly.
Your butterfly dies!
Your butterfly disappears in a burst of colours!
The frost giant hits your butterfly with a +0 battleaxe of freezing!!
The frost giant freezes your butterfly.
Your butterfly dies!
Your butterfly disappears in a burst of colours!
Unknown command.
Unknown command.
Unknown command.
Unknown command.
You feel sick.
The frost giant points at you and mumbles some strange words.
The bolt of cold hits your butterfly!!!
Your butterfly dies!
Your butterfly disappears in a burst of colours!
The bolt of cold misses you.
Unknown command.
Unknown command.
Unknown command.
What are your orders? t - Shout!
Orders for allies: a - Attack new target. p - Attack previous target. r - Retreat! s - Stop attacking. g - Guard the area. f - Follow me.
Anything else - Cancel.
Gang up on whom?
Press: ? - help, Dir - move target, f/p - frost giant
Aim: a frost giant, wielding a +0 battleaxe of freezing (almost dead, ally target) Attack!
You feel sick.
Your hornet changes into a black mamba!
The frost giant points at you and mumbles some strange words.
The bolt of cold hits your butterfly!!!
Your butterfly dies!
Your butterfly disappears in a burst of colours!
The bolt of cold hits you!!!
You die...
Xom giggles madly! $?(# .##...# # #. ...#..###..# # #.# .b.#..# ##.# # #.# ...bb.. .# # #.# ...b... ..# # #.# .bCbßbb#

#.#..# #.####..ß.... #.#..#
#.....bbb.... #.#..#
#...@Sb.bb..$ #.#..#
#.####b.#...# ##.#..# #..###b.#
..###..#..# #.### #...##..#
##...#..# .....
..#....#..#####....#..# ###.
#......................# ..#
#....##############....# ..#
##.....................#
..#......###....................#


You could see a frost giant (ally target) and a friendly black mamba shaped
shifter (charmed, unaware).

Vanquished Creatures
  Gastronok (Lair:2)
  Kirke (D:13)
  Harold (D:9)
  A centaur warrior (D:13)
  A boulder beetle (D:12)
  A deep troll earth mage (D:13)
  Nergalle (D:10)
  Sonja (D:10)
  A skyshark (Lair:2)
  3 skeletal warriors
  2 deep elf pyromancers (D:13)
  2 cyclopes (D:13)
  An ugly thing (D:12)
  A salamander (Lair:2)
  A manticore (D:11)
  A gargoyle (D:12)
  5 cane toads
  Jeremiah (D:8)
  2 kobold demonologists (D:11)
  4 komodo dragons
  3 trolls
  A hornet (D:8)
  9 blink frogs
  2 wraiths
  A vampire (D:11)
  31 yaks
  3 wyverns
  3 hogs
  3 basilisks
  A steam dragon (D:7)
  10 vampire mosquitoes (D:12)
  2 acid dragons
  6 water moccasins
  3 black bears
  2 ogres (D:4)
  4 orc warriors
  A sky beast (D:7)
  2 laughing skulls (D:13)
  4 centaurs
  2 wolves (Lair:2)
  A phantom (D:5)
  3 kobold brigands
  2 gnoll sergeants
  3 bullfrogs
  3 scorpions
  2 wights (D:7)
  4 killer bees
  2 electric eels (D:6)
  4 howler monkeys
  A bombardier beetle (D:8)
  2 hounds
  3 gnoll boudas
  3 orc priests
  Crazy Yiuf (D:4)
  A sleepcap (D:7)
  Natasha (twice) (D:2)
  An iguana (D:6)
  12 orc wizards
  24 gnolls
  5 adders
  2 shadow imps
  A white imp (D:6)
  2 ufetubi (D:6)
  A dart slug (D:4)
  2 ribbon worms (D:2)
  32 orcs
  5 ball pythons
  9 endoplasms
  A giant cockroach (D:1)
  8 goblins
  3 hobgoblins
  3 quokkas
  2 bats
  3 frilled lizards
  20 kobolds
  4 rats
  A butterfly (Lair:1)
303 creatures vanquished.

Vanquished Creatures (collateral kills)
  A two-headed ogre (D:7)
  Maurice (D:7)
  5 blink frogs (Lair:2)
  A yak (Lair:2)
  A water moccasin (D:7)
  A black bear (D:9)
  A kobold brigand (D:7)
  A gnoll sergeant (D:7)
  4 bullfrogs
  7 wights (D:7)
  A howler monkey (D:7)
  An orc wizard (D:7)
  5 gnolls
  A white imp (D:7)
  3 orcs
  2 kobolds (D:7)
36 creatures vanquished.

Vanquished Creatures (others)
  An eldritch tentacle (D:10)
  A komodo dragon (D:11)
  A basilisk (Lair:2)
  A wyvern (D:9)
  2 yaks
  A vampire mosquito (D:12)
  An acid dragon (D:11)
  2 wolves (Lair:2)
10 creatures vanquished.

Grand Total: 349 creatures vanquished

Notes
Turn   | Place    | Note
-------+----------+-------------------------------------------
     0 | D:1      | spaghetti the Oni Chaos Knight began the quest for the Orb.
     0 | D:1      | Reached XP level 1. HP: 24/24 MP: 1/1
   145 | D:1      | XOM: potion effect (brilliance)
   216 | D:1      | Reached XP level 2. HP: 32/32 MP: 2/2
   675 | D:1      | Found a faded altar of an unknown god.
   956 | D:2      | Identified the +4 falchion of Doom {flame, +Blink rC++
                  | MP-9}
  1089 | D:2      | Reached skill level 4 in Maces & Flails
  1152 | D:2      | XOM: divination: detect items
  1172 | D:2      | XOM: fog
  1179 | D:2      | Reached XP level 3. HP: 33/39 MP: 3/3
  1679 | D:2      | Noticed Natasha
  1681 | D:2      | XOM: confuse monster(s)
  1692 | D:2      | Killed Natasha
  1699 | D:2      | Noticed Natasha
  1709 | D:2      | Killed Natasha
  1710 | D:2      | Reached skill level 5 in Maces & Flails
  1710 | D:2      | Reached XP level 4. HP: 33/48 MP: 4/4
  1992 | D:3      | Found a shimmering blue altar of Sif Muna.
  2205 | D:3      | XOM: potion effect (haste)
  2388 | D:4      | Noticed an ogre
  2401 | D:4      | Killed an ogre
  2402 | D:4      | Reached skill level 6 in Maces & Flails
  2402 | D:4      | Reached XP level 5. HP: 54/54 MP: 5/5
  2480 | D:4      | XOM: silly message
  2488 | D:4      | Noticed an ogre
  2492 | D:4      | Killed an ogre
  2493 | D:4      | Reached XP level 6. HP: 62/62 MP: 6/6
  2623 | D:4      | Reached skill level 7 in Maces & Flails
  2928 | D:4      | Found a runed translucent door.
  2929 | D:4      | Noticed Crazy Yiuf
  3028 | D:4      | Killed Crazy Yiuf
  3094 | D:5      | Entered Level 5 of the Dungeon
  3107 | D:5      | XOM: destruction
  3150 | D:5      | XOM: confuse monster(s)
  3157 | D:5      | Found Xauthrunn's General Store.
  3160 | D:5      | XOM: summons 6 friendly demons
  3299 | D:5      | Reached XP level 7. HP: 31/70 MP: 7/7
  3611 | D:5      | Found the +18 Lear's hauberk
  3622 | D:5      | Reached skill level 8 in Maces & Flails
  3676 | D:5      | XOM: give mutation
  3676 | D:5      | Gained mutation: You expend magic power (3 MP) to
                  | strengthen your wands. [Xom's grace]
  3752 | D:5      | XOM: scenery: summon butterflies
  4327 | D:6      | XOM: give mutations
  4327 | D:6      | Gained mutation: You have large cloven feet. [Xom's grace]
  4327 | D:6      | Gained mutation: You are somewhat resistant to further
                  | mutation. [Xom's grace]
  4451 | D:6      | XOM: scenery: summon butterflies
  4493 | D:6      | XOM: divination: detect items
  4550 | D:6      | XOM: 1-stop teleportation journey
  4718 | D:6      | XOM: give mutations
  4718 | D:6      | Gained mutation: Your system is resistant to poisons.
                  | (rPois) [Xom's grace]
  4718 | D:6      | Gained mutation: Your natural rate of healing is unusually
                  | fast. [Xom's grace]
  4718 | D:6      | Gained mutation: You are partially covered in iridescent
                  | scales. (AC +2) [Xom's grace]
  4718 | D:6      | Gained mutation: You are resistant to electric shocks.
                  | (rElec) [Xom's grace]
  4877 | D:6      | XOM: cast spell 'Summon Cactus Giant'
  4885 | D:6      | Reached skill level 9 in Maces & Flails
  4974 | D:6      | XOM: enchant monster (good)
  4977 | D:6      | Reached XP level 8. HP: 78/78 MP: 8/8
  5050 | D:6      | XOM: give mutation
  5050 | D:6      | Gained mutation: You have hoof-like feet. [Xom's grace]
  5170 | D:6      | XOM: scenery: create altars
  5293 | D:6      | XOM: scenery: summon butterflies
  5318 | D:6      | XOM: divination: detect creatures
  5322 | D:6      | Reached skill level 10 in Maces & Flails
  5344 | D:6      | You fall into a shaft and drop 3 floors!
  5391 | D:9      | Found a staircase to the Lair.
  5391 | D:9      | Noticed a wyvern
  5391 | D:9      | Noticed a yak
  5391 | D:9      | Noticed Harold
  5456 | D:8      | XOM: cast spell 'Death Channel'
  5460 | D:8      | XOM: smoke on damage
  5468 | D:8      | Reached skill level 11 in Maces & Flails
  5612 | D:8      | Noticed a hornet
  5612 | D:8      | XOM: summons friendly shadow imp
  5614 | D:8      | XOM: fog
  5617 | D:8      | Killed a hornet
  5618 | D:8      | Reached XP level 9. HP: 62/84 MP: 9/9
  5738 | D:8      | Found a snail-covered altar of Cheibriados.
  5742 | D:8      | XOM: enchant monster (good)
  5799 | D:8      | Noticed Jeremiah
  5800 | D:8      | XOM: summons 5 friendly demons
  5873 | D:8      | Killed Jeremiah
  5874 | D:8      | Reached skill level 12 in Maces & Flails
  6117 | D:8      | Found a bloodstained altar of Trog.
  6236 | D:8      | XOM: scenery: summon butterflies
  6365 | D:7      | XOM: enchant monster (bad)
  6387 | D:7      | XOM: summons 2 hostile shadow creatures
  6469 | D:7      | XOM: butterfly on damage
  6544 | D:7      | Reached skill level 13 in Maces & Flails
  6737 | D:7      | Reached skill level 14 in Maces & Flails
  6737 | D:7      | Reached XP level 10. HP: 59/92 MP: 10/10
  6738 | D:7      | Noticed a two-headed ogre
  6740 | D:7      | Killed a two-headed ogre
  6741 | D:7      | Found a broken altar of Ashenzari.
  6815 | D:7      | Found a staircase to the Ecumenical Temple.
  6819 | D:7      | Found a basalt altar of Yredelemnul.
  6820 | D:7      | Found a white marble altar of Elyvilon.
  6820 | D:7      | Found a burning altar of Makhleb.
  6841 | D:7      | XOM: give mutations
  6841 | D:7      | Lost mutation: You are somewhat resistant to further
                  | mutation. [Xom's grace]
  6841 | D:7      | Gained mutation: You have hidden genetic potential. [Xom's
                  | grace]
  6841 | D:7      | Gained mutation: You are covered in fur. (AC +1) [Xom's
                  | grace]
  6937 | D:7      | Noticed Maurice
  6962 | D:7      | Killed Maurice
  6963 | D:7      | Reached skill level 15 in Maces & Flails
  7210 | D:9      | XOM: confuse monster(s)
  7222 | D:9      | Killed Harold
  7304 | D:8      | XOM: stat loss: -1 Int (12/13)
  7351 | D:9      | XOM: confusion
  7590 | D:9      | Found a stormy altar of Qazlal.
  7590 | D:9      | XOM: 5-stop teleportation journey
  7595 | D:9      | Found a hazy altar of Hepliaklqana.
  7685 | D:9      | Reached skill level 16 in Maces & Flails
  7965 | D:10     | Entered Level 10 of the Dungeon
  7968 | D:10     | XOM: confuse monster(s)
  7971 | D:10     | Reached XP level 11. HP: 94/100 MP: 11/11
  7974 | D:10     | XOM: god gift: 2 silver javelins
  7989 | D:10     | XOM: cast spell 'Malign Gateway'
  8066 | D:10     | Reached skill level 17 in Maces & Flails
  8180 | D:10     | XOM: silly message
  8269 | D:10     | Noticed Sonja
  8291 | D:10     | Killed Sonja
  8417 | D:10     | XOM: noise
  8515 | D:10     | XOM: potion effect (haste)
  8772 | D:10     | Found an iron altar of Okawaru.
  8945 | D:11     | XOM: confuse monster(s)
  9004 | D:11     | XOM: scenery: create altars
  9009 | D:11     | Noticed a skeletal warrior
  9011 | D:11     | Reached skill level 19 in Maces & Flails
  9011 | D:11     | Reached XP level 12. HP: 107/107 MP: 12/12
  9025 | D:10     | XOM: potion effect (curing)
  9146 | Lair:1   | Entered Level 1 of the Lair of Beasts
  9297 | Lair:1   | XOM: silly message
  9374 | Lair:1   | Reached skill level 20 in Maces & Flails
  9374 | Lair:1   | XOM: potion effect (heal wounds)
  9558 | Lair:1   | Reached XP level 13. HP: 88/114 MP: 13/13
  9609 | Lair:1   | XOM: silly message
  9652 | Lair:1   | Gained mutation: You have great hidden genetic potential.
                  | [hidden potential]
  9956 | Lair:1   | XOM: silly message
 10086 | Lair:1   | XOM: stat loss: -1 Int (12/13)
 10284 | Lair:2   | Found a staircase to the Snake Pit.
 10354 | Lair:2   | XOM: enchant monster (bad)
 10484 | Lair:2   | Noticed Gastronok
 10497 | Lair:2   | Killed Gastronok
 10498 | Lair:2   | Reached skill level 21 in Maces & Flails
 10722 | D:11     | Noticed Nergalle
 10722 | D:11     | Found a portal to a secret trove of treasure.
 10734 | D:10     | Killed Nergalle
 11044 | D:11     | XOM: potion effect (magic)
 11045 | D:11     | XOM: potion effect (haste)
 11116 | D:11     | XOM: potion effect (invisibility)
 11324 | D:11     | XOM: polymorph yak -> acid dragon
 11475 | D:12     | Found a staircase to the Orcish Mines.
 11578 | D:12     | XOM: potion effect (magic)
 11580 | D:12     | Reached skill level 22 in Maces & Flails
 11840 | D:12     | XOM: swap monsters
 12099 | D:12     | XOM: destruction
 12123 | D:12     | XOM: summons 4 hostile demons
 12163 | D:12     | XOM: give mutations
 12163 | D:12     | Gained mutation: You occasionally lose the ability to drink
                  | potions when taking damage. [Xom's mischief]
 12163 | D:12     | Lost mutation: You are resistant to electric shocks.
                  | (rElec) [Xom's mischief]
 12163 | D:12     | Lost mutation: You occasionally lose the ability to drink
                  | potions when taking damage. [Xom's mischief]
 12163 | D:12     | Lost mutation: Your system is resistant to poisons. (rPois)
                  | [Xom's mischief]
 12248 | D:13     | Noticed Kirke
 12263 | D:12     | XOM: summons 3 friendly demons
 12412 | D:13     | XOM: confuse monster(s)
 12429 | D:13     | Killed Kirke
 12431 | D:12     | XOM: noise
 12434 | D:13     | XOM: cleaving
 12440 | D:13     | Reached skill level 5 in Dodging
 12550 | D:13     | XOM: summons 2 hostile demons
 12564 | D:13     | Found Lasyc's General Store.
 12564 | D:13     | XOM: 9-stop teleportation journey
 12589 | D:13     | Reached XP level 14. HP: 123/123 MP: 14/14
 12629 | D:13     | XOM: god gift: 12 gold pieces
 12643 | D:13     | XOM: god gift: book of Minor Magic
 12769 | D:13     | Gained mutation: You are mostly covered in iridescent
                  | scales. (AC +4) [hidden potential]
 12769 | D:13     | Lost mutation: You have great hidden genetic potential.
                  | [hidden potential expressed]
 12823 | D:13     | XOM: enchant monster (good)
 12889 | D:13     | Noticed a frost giant
 12897 | D:13     | Xom revived you
 12909 | D:13     | Killed from afar by a frost giant

Illustrated notes

Levels and vault maps discovered:
D:1:      erik_arrival_cave_to_civilisation [erik_arrival_cave_to_hall],
          layout_basic, chequers_ecumenical_altar_simple_redux
D:2:      layout_loops_ring, uniq_natasha
D:3:      layout_rooms, mainiacjoe_overflow_catwalk
D:4:      layout_cave_pools, chequers_garden, serial_bayou_crossing,
          uniq_crazy_yiuf_cottage
D:5:      layout_cave_pools, serial_shops, nicolae_shop_tiny_glass
D:6:      layout_cave_pods, serial_bayou_pond_e, nicolae_sextant,
          kennysheep_boxes
D:7:      nicolae_cairo_tiling, layout_rooms, grunt_temple_overflow_open,
          minmay_ruined_shrine, uniq_maurice
D:8:      layout_basic, slow_altar_1, mainiacjoe_overflow_alcove_4,
          uniq_jeremiah
D:9:      layout_loops_cross, mainiacjoe_overflow_large_starburst,
          david_lair_generic, enter_bailey_5, uniq_harold
D:10:     layout_irregular_city, kennysheep_okawaru_gauntlet,
          roderic_roman_lattice, uniq_sonja
D:11:     layout_rooms, enter_trove_0, minmay_misc_feat_plants, uniq_nergalle
D:12:     layout_basic, orc_0_dummy
D:13:     minmay_containers, layout_irregular_city, serial_shops,
          shop_fountains, minivault_14, nicolae_nh_vlads_tower, uniq_kirke
Lair:1:   layout_regular_city, columned_hall_lemuel, grunt_megastairs_4,
          serial_bayou_shore_b, lemuel_fruit_fields, serial_bayou_shore_b,
          lemuel_fruit_tree
Lair:2:   layout_chaotic_city, mainiacjoe_shoals_entry_four_pools,
          nicolae_snake_entry_warm_welcome, uniq_urug, uniq_gastronok

Skill      XL: |  1  2  3  4  5  6  7  8  9 10 11 12 13 14 |
---------------+-------------------------------------------+-----
Maces & Flails | 4 5 6 7 9 11 14 16 19 20 22 | 22.0
Dodging        | 5 6 |  6.5
Fighting       | |  4.0

Action                     |  1- 3 |  4- 6 |  7- 9 | 10-12 | 13-15 || total
---------------------------+-------+-------+-------+-------+-------++-------
  Melee: Mace              |    64 |    42 |       |       |       ||   106
         Headbutt          |     7 |    14 |    47 |    44 |    55 ||   167
         Giant spiked club |       |    58 |   216 |   280 |   289 ||   843
         Spear             |       |       |    43 |       |       ||    43
         Kick              |       |       |    48 |    85 |    97 ||   230
         Whip              |       |       |       |    16 |       ||    16
  Throw: Throwing net      |       |       |       |     1 |     1 ||     2
         Large rock        |       |       |       |       |     1 ||     1
  Evoke: Wand              |       |       |    18 |     5 |    21 ||    44
    Use: Scroll            |     6 |     1 |     4 |     4 |     3 ||    18
         Potion            |     2 |     5 |     9 |     7 |     5 ||    28
   Stab: Confused          |     2 |       |       |     3 |     2 ||     7
         Paralysed         |       |       |     2 |       |     2 ||     4
         Distracted        |       |       |     1 |     1 |       ||     2
         Sleeping          |       |       |       |     1 |     1 ||     2
         Invisible         |       |       |       |       |     3 ||     3
         Held in net/web   |       |       |       |       |     3 ||     3
 Armour: Robe              |    44 |    96 |   325 |   324 |   243 ||  1032
         Skin              |       |    16 |    18 |    15 |    18 ||    67
  Dodge: Dodged            |    25 |    50 |   162 |   147 |   143 ||   527
   Form: Beast             |     1 |       |       |       |       ||     1
                           |       |       |     1 |       |       ||     1

Table legend: (Time is in decaauts)
 A = Elapsed time spent in this place.
 B = Non-inter-level travel time spent in this place.
 C = Inter-level travel time spent in this place.
 D = Time resting spent in this place.
 E = Time spent auto-exploring this place.
 F = Levels seen in this place.
 G = Mean time per level.
                   A        B        C        D        E       F      G
               +--------+--------+--------+--------+--------+-----+--------+
         Total |  12835 |  12223 |    612 |   1634 |   8177 |  15 |  855.7 |
       Dungeon |  11364 |  10813 |    551 |   1497 |   7225 |  13 |  874.2 |
          Lair |   1470 |   1409 |     61 |    136 |    952 |   2 |  735.0 |
               +--------+--------+--------+--------+--------+-----+--------+

Top non-repeatable levels by time:
    D:10: 1382 daAuts
     D:5: 1223 daAuts
     D:6: 1063 daAuts
     D:2: 1032 daAuts
     D:8: 1019 daAuts
  Lair:1: 955 daAuts
    D:12: 939 daAuts
     D:1: 909 daAuts
     D:7: 836 daAuts
     D:9: 819 daAuts
     D:4: 754 daAuts
    D:11: 518 daAuts
  Lair:2: 514 daAuts
    D:13: 465 daAuts
     D:3: 401 daAuts
